 Dungeon Crawl Stone Soup version 0.28.0-53-g5a82cb258f (webtiles) character file.

Game seed: 13383428393477122025

10229 Descartes the Blocker (level 11, -8/75 HPs)
             Began as a Formicid Fighter on Aug 6, 2022.
             Was an Initiate of Gozag.
             Mangled by an orc knight
             ... wielding a +0 great mace
              (16 damage)
             ... on level 10 of the Dungeon.
             The game lasted 00:33:59 (17764 turns).

Descartes the Blocker (Formicid Fighter)           Turns: 17764, Time: 00:34:00

Health: -8/75      AC: 17    Str: 24    XL:     11   Next: 89%
Magic:  18/18      EV:  8    Int:  9    God:    Gozag
Gold:   651        SH:  6    Dex: 10    Spells: 17/20 levels left

rFire   + . .      SeeInvis +   J - +2 trident (flame)
rCold   . . .      Faith    .   c - +0 buckler
rNeg    + . .      Spirit   .   A - +2 chain mail
rPois   .          Reflect  .   (helmet unavailable)
rElec   .          Harm     .   L - +0 cloak
rCorr   .          Rampage  .   U - +0 pair of gloves
Will    +....                   g - +0 pair of boots
Stlth   ..........              (no amulet)
HPRegen 0.22/turn               P - ring of protection from fire
MPRegen 0.16/turn               f - ring of positive energy

@: no status effects
A: permanent stasis, dig shafts and tunnels, antennae 3, four strong arms
a: Dig, Shaft Self, Renounce Religion, Potion Petition, Call Merchant, Bribe
Branch


You were on level 10 of the Dungeon.
You worshipped Gozag.
Gozag was pleased with you.
You visited 2 branches of the dungeon, and saw 11 of its levels.
You also visited: Ossuary.

You collected 1679 gold pieces.
You paid 1028 gold pieces to Gozag.

Inventory:

Hand Weapons
 a - a +3 short sword of venom
 j - a +1 rapier of holy wrath
 J - a +2 trident of flaming (weapon)
 T - a +4 hand axe of freezing
 V - a +0 arbalest
 Y - a +0 battleaxe
Missiles
 h - 3 javelins
 l - 18 poisoned darts
 n - 237 stones
 r - 46 bolts
 x - 7 boomerangs
 y - 167 arrows
 E - 134 sling bullets
 F - 3 atropa-tipped darts
 R - a throwing net
Armour
 c - a +0 buckler (worn)
 g - a +0 pair of boots (worn)
 A - a +2 chain mail (worn)
 L - a +0 cloak (worn)
 U - a +0 pair of gloves (worn)
Jewellery
 e - a ring of magical power
 f - a ring of positive energy (right hand)
 P - a ring of protection from fire (left hand)
Wands
 d - a wand of mindburst (7)
 s - a wand of iceblast (3)
 D - a wand of polymorph (11)
 O - a wand of paralysis (3)
 Z - a wand of acid (4)
Scrolls
 k - a scroll of enchant weapon
 m - a scroll of fear
 o - a scroll of immolation
 p - a scroll of brand weapon {unknown}
 q - 3 scrolls of noise
 C - 4 scrolls of blinking
 G - a scroll of vulnerability
 I - 2 scrolls of amnesia
 N - a scroll of magic mapping {unknown}
Potions
 b - 2 potions of mutation {unknown}
 i - 3 potions of lignification
 t - 2 potions of attraction
 u - a potion of degeneration
 v - a potion of flight {unknown}
 w - a potion of cancellation {unknown}
 z - 3 potions of curing
 B - a potion of berserk rage
 H - a potion of haste {unknown}
 K - 2 potions of ambrosia {unknown}
 M - 2 potions of invisibility {unknown}
 Q - a potion of brilliance {unknown}
 S - a potion of experience {unknown}
Miscellaneous
 W - a lightning rod (4/4)


   Skills:
 - Level 3.2 Fighting
 + Level 5.0 Short Blades
 * Level 9.2(9.7) Axes
 + Level 5.0(7.7) Polearms
 - Level 10.0 Armour
 - Level 10.0 Shields
 - Level 5.0 Spellcasting
 + Level 5.0 Translocations


You had 17 spell levels left.
You knew the following spells:

 Your Spells              Type           Power      Damage    Failure   Level
a - Teleport Other        Tloc           11%        N/A       50%         3

Your spell library contained the following spells:

 Spells                   Type           Power      Damage    Failure   Level
 Gell's Gravitas          Tloc           11%        N/A       50%         3
 Lesser Beckoning         Tloc           11%        N/A       50%         3
 Foxfire                  Conj/Fire      8%         2x1d4     83%         1
 Freeze                   Ice            8%         1d3       83%         1
 Portal Projectile        Hex/Tloc       12%        N/A       85%         3
 Passage of Golubria      Tloc           11%        N/A       88%         4
 Call Canine Familiar     Summ           2%         N/A       99%         3
 Conjure Flame            Conj/Fire      2%         6-21      99%         3
 Frozen Ramparts          Ice            4%         1d2       99%         3
 Inner Flame              Hex/Fire       2%         N/A       99%         3
 Flame Wave               Conj/Fire      2%         2d4       100%        4
 Hailstorm                Conj/Ice       2%         3d3       100%        4
 Leda's Liquefaction      Hex/Erth       1%         N/A       100%        4
 Fireball                 Conj/Fire      1%         3d3       100%        5
 Silence                  Hex/Air        1%         N/A       100%        5
 Summon Forest            Summ/Tloc      3%         N/A       100%        5
 Eringya's Noxious Bog    Tmut/Pois      1%         N/A       100%        6
 Starburst                Conj/Fire      1%         6d3       100%        6
 Summon Hydra             Summ           1%         N/A       100%        7
 Ignition                 Fire           1%         3d3       100%        8
 Lehudib's Crystal Spear  Conj/Erth      1%         10d2      100%        8


Dungeon Overview and Level Annotations

Branches:
Dungeon (10/15)            Temple (1/1) D:7             Orc (0/2) D:10
Ossuary (visited)
   Lair: D:8-11

Altars:
Ashenzari
Cheibriados
Dithmenos
Elyvilon
Fedhas
Gozag
Hepliaklqana
Kikubaaqudgha
Makhleb
Nemelex Xobeh
Okawaru
Qazlal
Ru
Sif Muna
Trog
Uskayaw
Vehumet
Wu Jian
Xom
Yredelemnul
Zin
The Shining One

Shops:
D:9 (


Innate Abilities, Weirdness & Mutations

You cannot be hasted, slowed, berserked, paralysed or teleported.
You can dig through walls and to a lower floor.
You have a pair of large antennae on your head. (SInv)
Your four strong arms can wield two-handed weapons with a shield.


Message History

The orc knight is lightly wounded.
The orc knight shoots a bolt.
The bolt hits you!
You reach to attack!
You hit the orc knight. You burn the orc knight.
The orc knight is lightly wounded.
The orc knight shoots a bolt.
You block the bolt.
You reach to attack!
You closely miss the orc knight.
The orc knight is lightly wounded.
The orc knight shoots a bolt.
The bolt hits you!!
* * * LOW HITPOINT WARNING * * *
You are too injured to fight recklessly!
You are too injured to fight recklessly!
You are too injured to fight recklessly!
You are too injured to fight recklessly!
You are too injured to fight recklessly!
You are too injured to fight recklessly!
You are too injured to fight recklessly!
You are too injured to fight recklessly!
You are too injured to fight recklessly!
You feel better.
The orc knight shoots a bolt.
The bolt hits you.
* * * LOW HITPOINT WARNING * * *
The orc knight unwields a +0 arbalest.
The orc knight wields a +0 great mace.
The orc knight hits you with a +0 great mace.
* * * LOW HITPOINT WARNING * * *
You barely miss the orc knight.
The orc knight is lightly wounded.
You closely miss the orc knight.
The orc knight is lightly wounded.
You block the orc knight's attack.
You puncture the orc knight! You burn the orc knight.
The orc knight is moderately wounded.
The orc knight hits you but does no damage.
You hit the orc knight but do no damage.
The orc knight is moderately wounded.
The orc knight hits you with a +0 great mace!
* * * LOW HITPOINT WARNING * * *
You closely miss the orc knight.
The orc knight is moderately wounded.
The orc knight hits you with a +0 great mace!
You die...
Your body crumbles into a pile of gold.

################### ########
..................###......#
...........................#
≈≈≈≈≈≈≈≈≈≈≈≈≈≈≈≈≈≈≈≈≈≈≈≈8..#
≈≈≈≈≈≈≈≈≈≈≈≈≈≈≈≈≈≈≈≈≈≈≈8≈..#
#####################'.≈≈..#
#o§..................#.≈≈..#
###..................##≈≈..#
#>.........8....@..........# #
#............o.....##≈≈..#
#o≈..................#.≈≈..#
#####################'.≈≈..#
≈≈≈≈≈≈≈≈≈≈≈≈≈≈≈≈≈≈≈≈≈≈≈8≈..####
≈≈≈≈≈≈≈≈≈≈≈≈≈≈≈≈≈≈≈≈≈≈≈≈8.....#
..............................#
.................#.###........#
#.#....###.###................#


You could see an orc knight.

Vanquished Creatures
  2 two-headed ogres
  A deep elf zephyrmancer (D:8)
  A troll (D:9)
  A hornet (D:5)
  A shadow (D:10)
  A vampire (D:10)
  14 yaks
  Eustachio (D:5)
  A steam dragon (D:7)
  7 vampire mosquitoes
  A water moccasin (D:7)
  7 orc warriors
  3 sky beasts (D:6)
  An ice beast (D:6)
  3 necrophages
  A centaur (D:8)
  Blork the orc (D:5)
  A kobold brigand (D:6)
  A gnoll sergeant (D:10)
  A scorpion (D:4)
  A bullfrog (D:9)
  3 killer bees (D:9)
  8 wights
  A jelly (D:6)
  2 electric eels (D:10)
  6 howler monkeys
  6 centaur zombies
  A centaur skeleton (D:7)
  2 hounds
  8 orc priests
  A gnoll shaman (D:4)
  2 bullfrog skeletons
  Ijyb (D:3)
  6 iguanas
  10 orc wizards
  2 scorpion zombies (D:5)
  A killer bee zombie (D:5)
  A hound zombie (D:5)
  A hound skeleton (D:5)
  9 mummies
  Robin (D:4)
  12 gnolls
  6 adders
  2 shadow imps
  3 white imps
  2 worms
  5 dart slugs
  46 orcs
  5 bats
  6 endoplasms
  3 giant cockroaches
  14 goblins
  2 hobgoblins
  5 ball pythons
  4 frilled lizards
  2 gnoll zombies (Ossuary)
  A goblin zombie (D:5)
  A hobgoblin zombie (Ossuary)
  24 kobolds
  3 kobold zombies
  3 orc zombies (Ossuary)
  4 rats
276 creatures vanquished.

Vanquished Creatures (others)
  62 plants (D:6)
62 creatures vanquished.

Grand Total: 338 creatures vanquished

Notes
Turn   | Place    | Note
-------+----------+-------------------------------------------
     0 | D:1      | Descartes the Formicid Fighter began the quest for the Orb.
     0 | D:1      | Reached XP level 1. HP: 18/18 MP: 1/1
   432 | D:1      | Reached XP level 2. HP: 24/24 MP: 2/2
   888 | D:1      | Found a faded altar of an unknown god.
   964 | D:2      | Reached XP level 3. HP: 29/29 MP: 3/3
  1654 | D:2      | Found a glowing golden altar of the Shining One.
  2306 | D:3      | Noticed Ijyb
  2308 | D:3      | Reached XP level 4. HP: 33/35 MP: 4/4
  2345 | D:3      | Killed Ijyb
  2346 | D:3      | Reached skill level 5 in Shields
  2897 | D:3      | Reached XP level 5. HP: 18/41 MP: 5/5
  3146 | D:4      | Found a broken altar of Ashenzari.
  3396 | D:4      | Noticed a necrophage
  3400 | D:4      | Reached XP level 6. HP: 47/47 MP: 6/6
  3409 | D:4      | Killed a necrophage
  3814 | D:4      | Noticed Robin
  3823 | D:4      | Reached XP level 7. HP: 43/52 MP: 7/7
  3832 | D:4      | Killed Robin
  4083 | D:4      | Reached skill level 5 in Armour
  4901 | D:5      | Entered Level 5 of the Dungeon
  4901 | D:5      | Noticed Blork the orc
  4906 | D:5      | Killed Blork the orc
  5092 | D:5      | Noticed a hornet
  5103 | D:4      | Reached skill level 1 in Spellcasting
  5138 | D:5      | Noticed Eustachio
  5269 | D:5      | Reached skill level 1 in Translocations
  5269 | D:5      | Reached XP level 8. HP: 54/58 MP: 9/9
  5325 | D:5      | Killed Eustachio
  5332 | D:5      | Found a sand-covered staircase.
  5340 | Ossuary  | Entered an ossuary
  6688 | D:5      | Reached skill level 5 in Axes
  7014 | D:5      | Killed a hornet
  7015 | D:5      | Reached skill level 1 in Short Blades
  7249 | D:6      | Reached skill level 1 in Polearms
  7255 | D:6      | Reached XP level 9. HP: 58/64 MP: 12/12
  8937 | D:7      | Learned a level 3 spell: Teleport Other
  9871 | D:7      | Found a staircase to the Ecumenical Temple.
  9895 | Temple   | Entered the Ecumenical Temple
 10214 | Temple   | Became a worshipper of Gozag Ym Sagoz the Greedy
 10308 | D:7      | Reached XP level 10. HP: 58/69 MP: 14/14
 11940 | D:7      | Reached skill level 10 in Shields
 12853 | D:8      | Noticed a two-headed ogre
 13135 | D:8      | Killed a two-headed ogre
 13136 | D:8      | Reached XP level 11. HP: 21/75 MP: 17/17
 13390 | D:8      | Noticed a deep elf zephyrmancer
 13401 | D:8      | Killed a deep elf zephyrmancer
 14792 | D:9      | Noticed a two-headed ogre
 14800 | D:9      | Killed a two-headed ogre
 14944 | D:9      | Found Cuboam's Weapon Shoppe.
 15294 | D:10     | Entered Level 10 of the Dungeon
 15622 | D:9      | Reached skill level 5 in Spellcasting
 16882 | D:10     | Reached skill level 10 in Armour
 17562 | D:10     | Reached skill level 5 in Short Blades
 17575 | D:10     | Reached skill level 5 in Polearms
 17575 | D:10     | Reached skill level 5 in Translocations
 17608 | D:10     | Found a basalt altar of Yredelemnul.
 17733 | D:10     | Noticed an orc knight
 17734 | D:10     | Found a staircase to the Orcish Mines.
 17764 | D:10     | Mangled by an orc knight

Illustrated notes

Levels and vault maps discovered:
D:1:      wander_arrival_chamber, layout_basic,
          shapermc_ecumenical_altar_mp_vishouse, minmay_quantized
D:2:      layout_loops_corners, basic_altar
D:3:      layout_basic, uniq_ijyb
D:4:      mumra_celtic_spiral_tile, layout_basic,
          mainiacjoe_overflow_concentric_impassable, uniq_robin
D:5:      layout_loops_ring, nicolae_ossuary_entry_giza, grunt_ministairs_9,
          minivault_1, minmay_misc_feat_five, minmay_misc_feat_tiny,
          uniq_blork_the_orc, uniq_eustachio
D:6:      kennysheep_kobold_camp, layout_basic
D:7:      layout_loops_ring, minmay_temple_entry_overgrown
D:8:      layout_rooms, guppyfry_early_elven_hall
D:9:      layout_roguey, serial_curves, eino_curves_02, eino_curves_04,
          serial_shops, nicolae_shop_window_shopping, st_stairs_6,
          kennysheep_dice
D:10:     layout_rooms, marbit_many_paths, erik_orc_2, minmay_tree_intersection
Temple:   mainiacjoe_temple_cubbyholes

Skill      XL: |  1  2  3  4  5  6  7  8  9 10 11 |
---------------+----------------------------------+-----
Shields        | 4 5 6 7 8 9 10 | 10.0
Armour         | 4 5 6 7 8 10 | 10.0
Axes           | 3 4 5 6 7 9 |  9.2
Spellcasting   | 1 2 3 4 5 |  5.0
Translocations | 1 2 3 5 |  5.0
Short Blades   | 1 2 3 5 |  5.0
Polearms       | 1 2 3 5 |  5.0
Fighting       | |  3.2

Action                   |  1- 3 |  4- 6 |  7- 9 | 10-12 || total
-------------------------+-------+-------+-------+-------++-------
Melee: War axe           |    87 |       |       |       ||    87
       Broad axe         |    25 |   102 |   140 |       ||   267
       Trident           |       |       |   299 |   473 ||   772
       Rapier            |       |       |    49 |   144 ||   193
       Short sword       |       |       |     7 |    39 ||    46
Invok: Potion Petition   |       |       |       |     2 ||     2
 Abil: Dig               |       |       |       |     1 ||     1
  Use: Scroll            |       |       |    11 |     1 ||    12
       Potion            |       |       |     9 |     5 ||    14
 Stab: Distracted        |       |       |       |     1 ||     1
Armor: Scale mail        |    44 |    35 |       |       ||    79
       Chain mail        |       |    11 |   242 |   350 ||   603
       Skin              |       |       |     5 |       ||     5
Dodge: Dodged            |    60 |    60 |   169 |   238 ||   527
Block: Buckler           |    29 |    29 |   115 |   206 ||   379
